 Dungeon Crawl Stone Soup version 0.30.0-29-ga12c61a403 (webtiles) character file.

Game seed: 12834702048311596276

92 DildoBatman the Conjurer (level 4, 0/32 HPs)
             Began as a Formicid Conjurer on June 11, 2023.
             Slain by an orc
             ... wielding a +0 flail
              (3 damage)
             ... on level 3 of the Dungeon.
             The game lasted 00:04:17 (1543 turns).

DildoBatman the Conjurer (Formicid Conjurer)        Turns: 1543, Time: 00:04:17

Health: 0/32       AC:  2    Str: 11    XL:     4   Next: 90%
Magic:  0/8        EV: 12    Int: 20    God:
Gold:   159        SH:  0    Dex: 12    Spells: 5/8 levels left

rFire   . . .        c - +0 spear
rCold   . . .        (no shield)
rNeg    . . .        a - +0 robe
rPois   .            (helmet unavailable)
rElec   .            (no cloak)
rCorr   .            (no gloves)
SInv    +            (no boots)
Will    .....        g - amulet of faith
Stlth   ++           (no ring)
HPRegen 0.25/turn    (no ring)
MPRegen 0.11/turn

%: faith
@: no status effects
A: permanent stasis, dig shafts and tunnels, antennae 3, four strong arms
a: Dig, Shaft Self


You were on level 3 of the Dungeon.
You visited 1 branch of the dungeon, and saw 3 of its levels.

You collected 159 gold pieces.

Inventory:

Hand Weapons
 c - a +0 spear (weapon)
Missiles
 n - 3 poisoned darts
Armour
 a - a +0 robe (worn)
Jewellery
 g - an amulet of faith (around neck)
Scrolls
 d - 5 scrolls of identify {unknown}
 e - 2 scrolls of enchant weapon {unknown}
 f - a scroll of poison {unknown}
 l - a scroll of amnesia {unknown}
 m - a scroll of silence {unknown}
Potions
 b - a potion of magic
 h - a potion of brilliance {unknown}
 i - a potion of attraction {unknown}
 j - 2 potions of curing {unknown}
 k - a potion of mutation {unknown}


   Skills:
 * Level 1.5 Fighting
 * Level 1.6 Armour
 * Level 2.3 Dodging
 - Level 3.0 Stealth
 * Level 2.8 Spellcasting
 * Level 4.0 Conjurations


You had 5 spell levels left.
You knew the following spells:

 Your Spells              Type           Power      Damage    Failure   Level
a - Searing Ray           Conj           36%        2d5       4%          2
c - Magic Dart            Conj           72%        1d6       2%          1

Your spell library contained the following spells:

 Spells                   Type           Power      Damage    Failure   Level
 Dazzling Flash           Conj/Hex       20%        N/A       19%         3
 Fulminant Prism          Conj/Hex       5%         3d7       54%         4
 Iskenderun's Mystic Bla  Conj/Tloc      10%        2d4       54%         4


Dungeon Overview and Level Annotations

Branches:
Dungeon (3/15)

Altars:

Annotations:
D:3 Natasha


Innate Abilities, Weirdness & Mutations

You cannot be hasted, slowed, berserked, paralysed or teleported.
You can dig through walls and to a lower floor.
You have a pair of large antennae on your head. (SInv)
Your four strong arms can wield two-handed weapons with a shield.


Message History

The orc hits you with a +0 flail.
You barely miss the orc.
The orc is moderately wounded.
The orc closely misses you.
Casting: Searing Ray (safe; 4% risk of failure)
Confirm with . or Enter, or press ? or * to list all spells.
Aiming: Magic Dart (safe; 2% risk of failure)
Press: ? - help, Shift-Dir - straight line, f - orc
Aim: an orc, wielding a +0 flail, wearing a +0 ring mail and quivering boomerangs (moderately wounded, 100% to hit)
The magic dart hits the orc but does no damage.
The orc is moderately wounded.
The orc hits you with a +0 flail.
You closely miss the orc.
The orc is lightly wounded.
The orc hits you with a +0 flail.
You hit the orc.
The orc is heavily wounded.
The orc hits you with a +0 flail.
Casting: Magic Dart (safe; 2% risk of failure)
Confirm with . or Enter, or press ? or * to list all spells.
Aiming: Magic Dart (safe; 2% risk of failure)
Press: ? - help, Shift-Dir - straight line, f/p - orc
Aim: an orc, wielding a +0 flail, wearing a +0 ring mail and quivering boomerangs (heavily wounded, 100% to hit)
The magic dart hits the orc.
The orc is almost dead.
The orc hits you with a +0 flail.
You closely miss the orc.
The orc is almost dead.
The orc hits you with a +0 flail.
You hit the orc but do no damage.
The orc is almost dead.
The orc barely misses you.
You barely miss the orc.
The orc is almost dead.
The orc hits you with a +0 flail. The orc barely misses you.
You hit the orc.
The orc is almost dead.
The orc hits you with a +0 flail.
You die...

. :.......♣♣.....# h
...........#.# .
~~~.......#.# .~~
#~~......#.# .~#
#~.....♣#.# .~#
#~....♣♣#'### .~#
#~.....♣....# †~##
##~.......)..#
.~~####~~......o@..#
..~~~~~~...........#
...................#
..........♣♣.......#
..........♣........#
............########
.....♣.....##
[...♣♣♣...## #####
#####


You could see an orc.

Vanquished Creatures
  An orc priest (D:3)
  A worm (D:2)
  4 ball pythons
  5 bats
  5 endoplasms
  A giant cockroach (D:2)
  4 goblins
  5 hobgoblins
  9 jackals
  5 quokkas
  4 frilled lizards (D:1)
  3 kobolds (D:1)
  6 rats
53 creatures vanquished.

Notes
Turn   | Place    | Note
-------+----------+-------------------------------------------
     0 | D:1      | DildoBatman the Formicid Conjurer began the quest for the
                  | Orb.
     0 | D:1      | Reached XP level 1. HP: 13/13 MP: 3/3
   174 | D:1      | Reached XP level 2. HP: 20/20 MP: 3/5
   239 | D:1      | Learned a level 2 spell: Searing Ray
   284 | D:1      | Reached skill level 1 in Armour
   299 | D:1      | Reached XP level 3. HP: 16/25 MP: 0/6
   538 | D:1      | Reached skill level 1 in Fighting
   951 | D:2      | Reached XP level 4. HP: 32/32 MP: 3/7
  1200 | D:2      | Found a faded altar of an unknown god.
  1471 | D:3      | Noticed Natasha
  1533 | D:3      | Reached skill level 4 in Conjurations
  1543 | D:3      | Slain by an orc

Illustrated notes

Levels and vault maps discovered:
D:1:      dpeg_arrival_shelter, layout_rooms
D:2:      layout_basic, shapermc_ecumenical_altar_mp_urbaneastern
D:3:      layout_basic, kennysheep_decorative_pillar, uniq_natasha

Skill      XL: |  1  2  3  4 |
---------------+-------------+-----
Armour         | 1 |  1.6
Dodging        | 2 |  2.3
Fighting       | 1 |  1.5
Stealth        | 3 |  3.0
Conjurations   | 4 |  4.0
Spellcasting   | |  2.8

Action                     |  1- 3 |  4- 6 || total
---------------------------+-------+-------++-------
  Melee: Spear             |    52 |    21 ||    73
         Punch             |     1 |       ||     1
   Cast: Magic Dart        |    42 |    10 ||    52
         Searing Ray       |     3 |     4 ||     7
   Stab: Sleeping          |       |     1 ||     1
 Armour: Robe              |     3 |     1 ||     4
  Dodge: Dodged            |    34 |     8 ||    42
